 Dungeon Crawl Stone Soup version 0.25-a0-346-g140ab784a8 (webtiles) character file.

Game seed: 7522332401203638717, levelgen mode: deterministic

566 night the Caller (level 7, -2/56 HPs)
             Began as a Barachi Summoner on Dec 31, 2019.
             Was a Follower of Sif Muna.
             Slain by a wight
             ... wielding a +4 short sword of freezing
              (4 damage)
             ... on level 6 of the Dungeon.
             The game lasted 00:13:51 (5251 turns).

night the Caller (Barachi Summoner)                 Turns: 5251, Time: 00:13:52

Health: -2/56      AC:  7    Str:  9    XL:     7   Next: 32%
Magic:  11/14      EV: 10    Int: 18    God:    Sif Muna [*.....]
Gold:   184        SH:  0    Dex: 12    Spells: 5/15 levels left

rFire    . . .     SeeInvis .   H - +0 dagger (venom)
rCold    . . .     Gourm    .   (no shield)
rNeg     . . .     Faith    .   u - +0 ring mail (curse)
rPois    +         Spirit   .   (no helmet)
rElec    .         Reflect  .   G - +0 cloak
rCorr    .         Harm     .   (no gloves)
MR       .....                  o - +0 pair of boots
Stlth    +.........             (no amulet)
HPRegen  0.18/turn              d - ring of poison resistance
MPRegen  0.14/turn              (no ring)

@: lethally poisoned (-2 -> -8), slow
A: +LOS, swims, slowness 1, strong legs 1
a: Hop, Channel Magic, Renounce Religion


You were on level 6 of the Dungeon.
You worshipped Sif Muna.
Sif Muna was aware of your devotion.
You were not hungry.

You visited 1 branch of the dungeon, and saw 6 of its levels.

You collected 184 gold pieces.

Inventory:

Hand Weapons
 f - a +0 dagger
 y - a +0 long sword
 H - a +0 dagger of venom (weapon)
Missiles
 h - 29 arrows
 s - 12 poisoned darts (quivered)
Armour
 a - a +0 robe
 o - a +0 pair of boots (worn)
 u - a cursed +0 ring mail (worn)
 G - a +0 cloak (worn)
Jewellery
 d - a ring of poison resistance (left hand)
 D - an uncursed amulet of the gourmand {unknown}
Wands
 w - a wand of disintegration (22)
 I - a wand of paralysis (9)
Scrolls
 b - 2 scrolls of enchant weapon {unknown}
 e - 6 scrolls of identify {unknown}
 g - a scroll of magic mapping {unknown}
 j - 6 scrolls of remove curse {unknown}
 k - 3 scrolls of teleportation {unknown}
 n - a scroll of enchant armour {unknown}
 r - 2 scrolls of fog {unknown}
 t - a scroll of noise {unknown}
 A - a scroll of immolation {unknown}
 B - a scroll of amnesia {unknown}
 C - a scroll of random uselessness {unknown}
 E - a scroll of blinking {unknown}
Potions
 i - 3 potions of flight {unknown}
 l - 4 potions of heal wounds {unknown}
 m - 6 potions of curing {unknown}
 p - a potion of brilliance {unknown}
 q - a potion of cancellation {unknown}
 v - a potion of haste {unknown}
 x - 3 potions of magic {unknown}
 z - a potion of lignification {unknown}
Comestibles
 c - 7 rations
 F - a chunk of flesh


   Skills:
 + Level 5.0 Fighting
 - Level 2.1 Dodging
 - Level 1.7 Stealth
 + Level 4.8 Spellcasting
 + Level 7.1 Summonings


You had 5 spell levels left.
You knew the following spells:

 Your Spells              Type           Power        Failure   Level  Hunger
a - Summon Small Mammal   Summ           ####         1%          1    None
b - Call Imp              Summ           ####....     3%          2    #......
c - Call Canine Familiar  Summ           ####....     6%          3    ###....
d - Summon Ice Beast      Ice/Summ       ###.....     65%         4    ####...

Your spell library contained the following spells:

 Spells                   Type           Power        Failure   Level  Hunger
 Summon Guardian Golem    Hex/Summ       ###.....     26%         3    ###....
 Summon Lightning Spire   Summ/Air       ###.....     65%         4    ####...


Dungeon Overview and Level Annotations

Branches:
Dungeon (6/15)
 Temple: D:4-7

Altars:
Gozag
Okawaru
Qazlal
Sif Muna
Uskayaw
Wu Jian
The Shining One

Shops:
D:5 *


Innate Abilities, Weirdness & Mutations

You can be seen from farther away. (+LOS)
You can swim through water.
You cover ground slowly.
You can hop short distances.


Message History

Your quokka bites the iguana but does no damage.
An orc comes into view. It is wielding a +1 dagger of venom.
The orc shouts!
You hear a shout!
The hound barely misses your iron imp. x2
A wight comes into view.
It is wielding a +4 short sword of freezing.
The iguana bites you.
* * * LOW HITPOINT WARNING * * *
Your quokka bites the iguana but does no damage.
The hound barely misses your iron imp.
A wight comes into view.
It is wielding a +0 halberd and wearing a +2 robe of magic resistance.
A wight comes into view.
It is wielding a +3 great sword of freezing. 2 orcs come into view.
The orc shouts!
The orc hits you but does no damage.
You are lethally poisoned!
A wight comes into view. It is wielding a +0 halberd.
* * * LOW HITPOINT WARNING * * *
You feel sick.
The wight hits you with a +4 short sword of freezing.
You die... ## .# .# .# .# ######.#####z# #.r.loz.zz.oo.

#.###@######.
## #.# #.# ..#
#5# #.# ...#
#.# #.# ...##
#h# #.# ...#
##.###[# ..#
#...##.# #.#
#.#.##.#
#.######.#.##.#


You could see an iguana, 4 wights, 3 orcs and a friendly quokka.

Vanquished Creatures
  2 howler monkeys
  A crimson imp (D:6)
  An orc wizard (D:5)
  4 adders
  A worm (D:2)
  A leopard gecko (D:1)
  4 orcs
  4 bats
  3 giant cockroaches
  2 goblins
  3 hobgoblins
  2 kobolds (D:2)
  2 quokkas
  A ball python (D:3)
  2 frilled lizards
  A leopard gecko skeleton (D:5)
  2 rats
36 creatures vanquished.

Vanquished Creatures (collateral kills)
  Sigmund (D:5)
  An ogre (D:5)
  A scorpion (D:5)
  A water moccasin skeleton (D:4)
  A howler monkey (D:5)
  A bullfrog zombie (D:5)
  An orc priest (D:3)
  An iguana (D:5)
  An orc wizard (D:5)
  2 worker ants
  A howler monkey skeleton (D:4)
  8 adders
  A worm (D:4)
  4 dart slugs
  3 leopard geckos
  7 orcs
  4 giant cockroaches
  4 hobgoblins
  2 quokkas
  2 bats
  2 frilled lizards
  6 kobolds
  A leopard gecko skeleton (D:4)
  5 rats
61 creatures vanquished.

Vanquished Creatures (others)
  An orc wizard (D:5)
1 creature vanquished.

Grand Total: 98 creatures vanquished

Notes
Turn   | Place    | Note
-------+----------+-------------------------------------------
     0 | D:1      | night the Barachi Summoner began the quest for the Orb.
     0 | D:1      | Reached XP level 1. HP: 13/13 MP: 3/3
   323 | D:1      | Reached skill level 5 in Summonings
   651 | D:1      | Reached skill level 1 in Fighting
   651 | D:1      | Reached XP level 2. HP: 20/21 MP: 3/5
   655 | D:1      | Learned a level 2 spell: Call Imp
  1251 | D:2      | Reached XP level 3. HP: 7/27 MP: 0/7
  1888 | D:2      | Found a stormy altar of Qazlal.
  1962 | D:2      | Found a shimmering blue altar of Sif Muna.
  2018 | D:2      | Found a glowing golden altar of the Shining One.
  2063 | D:2      | Became a worshipper of Sif Muna the Loreminder
  2240 | D:3      | Found an ornate altar of the Wu Jian Council.
  2251 | D:3      | Learned a level 3 spell: Call Canine Familiar
  2269 | D:3      | Reached XP level 4. HP: 34/34 MP: 2/8
  2833 | D:4      | Found an iron altar of Okawaru.
  2888 | D:4      | Reached XP level 5. HP: 36/41 MP: 3/10
  2896 | D:4      | Reached * piety under Sif Muna
  2927 | D:4      | Reached skill level 6 in Summonings
  3395 | D:4      | Learned a level 4 spell: Summon Ice Beast
  3428 | D:4      | Found a hide-covered altar of Uskayaw.
  3505 | D:5      | Entered Level 5 of the Dungeon
  3546 | D:5      | Reached XP level 6. HP: 39/48 MP: 2/11
  4320 | D:5      | Noticed Sigmund
  4373 | D:5      | Killed Sigmund
  4373 | D:5      | Reached XP level 7. HP: 55/55 MP: 4/13
  4758 | D:5      | Found Gozag's Platinum Reserve.
  4761 | D:5      | Found an opulent altar of Gozag.
  4823 | D:5      | Reached skill level 7 in Summonings
  5183 | D:6      | Reached skill level 5 in Fighting
  5251 | D:6      | HP: 2/56 [poisoned by an orc]
  5251 | D:6      | Slain by a wight

Levels and vault maps discovered:
D:1:      zaba_arrival_water, layout_loops_ring
D:2:      layout_rooms, nicolae_qazlal_eye_of_the_storm, led_sif_pool,
          first_ration, tso_metal_star
D:3:      layout_basic, lemuel_doored_altar, wad_floor_pattern_untrapped
D:4:      layout_basic, lemuel_crystal_altar, okawaru_trees_1
D:5:      layout_basic, nicolae_gozag_zags_fifth_avenue, uniq_sigmund
D:6:      kennysheep_spiral_hall, layout_loops_ring, marbit_many_paths,
          minmay_temple_entry_fiery

Skill      XL: |  1  2  3  4  5  6  7 |
---------------+----------------------+-----
Summonings     | 5 6 7 |  7.1
Fighting       | 1 2 3 4 5 |  5.0
Spellcasting   | 3 4 |  4.8
Dodging        | |  2.1
Stealth        | |  1.7

Action                   |  1- 3 |  4- 6 |  7- 9 || total
-------------------------+-------+-------+-------++-------
Melee: Unarmed           |    19 |       |       ||    19
       Dagger            |    86 |   195 |    47 ||   328
 Cast: Summon Small Mamm |    10 |    14 |     2 ||    26
       Call Imp          |    13 |    28 |     4 ||    45
       Call Canine Famil |     1 |    10 |     4 ||    15
 Stab: Distracted        |     1 |     3 |       ||     4
       Sleeping          |     3 |     1 |     1 ||     5
  Eat: Chunk             |     6 |     9 |     4 ||    19
Armor: Robe              |    24 |       |       ||    24
       Ring mail         |       |    93 |    19 ||   112
Dodge: Dodged            |    77 |   125 |    22 ||   224

Table legend:
 A = Non-vault XP
 B = Vault XP
 C = Vault XP percentage of total XP
 D = Non-vault monster count
 E = Vault monster count
 F = Vault count percentage of total count
                 A         B        C        D         E       F
            +---------+---------+-------+---------+---------+-------
      Total |     703 |     106 |  13.1 |      97 |       1 |   1.0
            +---------+---------+-------+---------+---------+-------
        D:1 |      22 |       0 |   0.0 |      13 |       0 |   0.0
        D:2 |      49 |       0 |   0.0 |      23 |       0 |   0.0
        D:3 |      75 |       0 |   0.0 |      27 |       0 |   0.0
        D:4 |     140 |       0 |   0.0 |      11 |       0 |   0.0
        D:5 |     345 |     106 |  23.5 |      20 |       1 |   4.8
        D:6 |      72 |       0 |   0.0 |       3 |       0 |   0.0
            +---------+---------+-------+---------+---------+-------
